 Dungeon Crawl Stone Soup version 0.31.0-9-g3a7656b989 (webtiles) character file.

Game seed: 7055056380180966979

492 stipulation the Grappler (level 7, -1/57 HPs)
             Began as a Ghoul Monk on Jan 25, 2024.
             Slain by a wight
             ... wielding a +4 flail
              (5 damage)
             ... on level 7 of the Dungeon.
             The game lasted 00:02:06 (3420 turns).

stipulation the Grappler (Ghoul Monk)               Turns: 3420, Time: 00:02:07

Health: -1/57      AC: 11    Str: 17    XL:     7   Next: 14%
Magic:  7/7        EV:  5    Int:  9    God:
Gold:   152        SH:  0    Dex: 11    Spells: 6/6 levels left

rFire   . .          .
                       - Unarmed
rCold   + . .        c - orb {light}
rNeg    + + +        o - +0 plate armour
rPois   ∞            (no helmet)
rElec   .            (no cloak)
rCorr   .            (no gloves)
SInv    .            m - +0 pair of boots
Will    .....        (no amulet) Stlth
                     (no ring)
HPRegen 0.00/turn    (no ring)
MPRegen 0.10/turn

%: no passive effects
@: inhibited regen, glowing
A: claws 1, cold resistance 1, negative energy resistance 3, inhibited
regeneration, torment resistance 2, devour on kill
a: no special abilities


You were on level 7 of the Dungeon.
You visited 1 branch of the dungeon, and saw 5 of its levels.

You collected 152 gold pieces.

Inventory:

Armour
 a - a +0 robe
 c - an orb of light (worn)
 m - a +0 pair of boots (worn)
 o - a +0 plate armour (worn)
Jewellery
 d - an amulet of regeneration
 f - an amulet of faith
 p - the ring "Nicua" {Ice rElec rN+++ Str-3 Dex+2}
   (You found it on level 3 of the Dungeon)

   [ring of ice]

   Ice:       It enhances your ice magic.
   Str-3:     It affects your strength (-3).
   Dex+2:     It affects your dexterity (+2).
   rF-:       It makes you vulnerable to fire.
   rC+:       It protects you from cold.
   rElec:     It insulates you from electricity.
   rN+++:     It renders you almost immune to negative energy.
Scrolls
 e - a scroll of silence {unknown}
 i - a scroll of enchant weapon {unknown}
 j - a scroll of identify {unknown}
 k - a scroll of teleportation
Potions
 b - a potion of ambrosia
 g - 2 potions of curing {unknown}
 h - a potion of attraction {unknown}
 l - 2 potions of resistance {unknown}
 n - a potion of might {unknown}
 q - a potion of lignification {unknown}


   Skills:
 - Level 3.2 Fighting
 - Level 2.6 Dodging
 + Level 8.7 Unarmed Combat


You had 6 spell levels left.
You didn't know any spells.
Your spell library contained the following spells:

 Spells                   Type           Power      Damage    Failure   Level
 Cigotuvi's Dreadful Rot  Necr/Alch/Air  0%         N/A       100%        2
 Inner Flame              Hex/Fire       0%         N/A       100%        3
 Flame Wave               Conj/Fire      0%         2d4       100%        4
 Ignite Poison            Fire/Alch      0%         N/A       100%        4
 Sticky Flame             Fire/Alch      0%         2d4       100%        4
 Freezing Cloud           Conj/Ice/Air   0%         6-21      100%        5


Dungeon Overview and Level Annotations

Branches:
Dungeon (7/15)
 Temple: D:4-7

Altars:
Xom

Shops:
D:4 [


Innate Abilities, Weirdness & Mutations

You are immune to poison.
You have sharp fingernails.
Your flesh is cold resistant. (rC+)
You are immune to negative energy. (rN+++)
You do not regenerate when monsters are visible.
You are immune to unholy pain and torment.
You thrive by killing the living.


Message History

No target in view!
No target in view!
You feel as though Xom is toying with you.
Suddenly, the walls become transparent!
You open the door.
A jelly comes into view.
A malevolent force fills the Dungeon...
You fall into a shaft and drop 3 floors!
The shaft crumbles and collapses. 3 wights come into view.
A wight is wielding a +5 hand axe of freezing.
The wight hits you with a +0 great sword.
There is an escape hatch in the ceiling here.
The wight hits you with a +4 flail. The wight attacks as it pursues you!
The wight hits you with a +0 great sword!
You claw the wight!
The wight is heavily damaged.
You claw the wight!
You destroy the wight!
The wight hits you with a +4 flail!
The wight hits you with a +5 hand axe of freezing.
You barely miss the wight. The wight hits you with a +4 flail.
The wight hits you with a +5 hand axe of freezing.
You scratch the wight.
The wight is lightly damaged.
The wight hits you with a +4 flail.
* * * LOW HITPOINT WARNING * * *
The wight hits you with a +5 hand axe of freezing.
* * * LOW HITPOINT WARNING * * *
You barely miss the wight.
The wight is lightly damaged.
The wight hits you with a +4 flail.
* * * LOW HITPOINT WARNING * * *
The wight hits you but does no damage.
Okay, then.
Okay, then.
You claw the wight!
The wight is almost destroyed.
The wight hits you with a +4 flail.
You die...

... ....
....##########
.............#
..$..........#
.............#
#......!z....#
#.....@<....#
#......z....#
#.:.........#
######......#
#......#
#......#
#......#
#......#


You could see 2 wights.

Vanquished Creatures
  A phantom (D:3)
  A wight (D:7)
  3 hounds (D:4)
  An orc priest (D:3)
  An iguana (D:3)
  An orc wizard (D:4)
  6 adders
  A dart slug (D:3)
  10 ribbon worms
  10 orcs
  2 endoplasms
  2 giant cockroaches
  8 goblins
  15 hobgoblins
  14 jackals
  4 quokkas
  7 ball pythons
  6 bats
  3 frilled lizards
  6 kobolds
  3 rats
105 creatures vanquished.

Notes
Turn   | Place    | Note
-------+----------+-------------------------------------------
     0 | D:1      | stipulation the Ghoul Monk began the quest for the Orb.
     0 | D:1      | Reached XP level 1. HP: 19/19 MP: 1/1
   266 | D:1      | Reached XP level 2. HP: 26/26 MP: 2/2
   533 | D:1      | Reached skill level 4 in Unarmed Combat
   668 | D:1      | Reached XP level 3. HP: 24/31 MP: 3/3
   999 | D:2      | Reached skill level 5 in Unarmed Combat
  1197 | D:2      | Reached XP level 4. HP: 35/38 MP: 4/4
  2104 | D:2      | Reached skill level 6 in Unarmed Combat
  2284 | D:3      | Reached XP level 5. HP: 44/45 MP: 5/5
  2689 | D:3      | Noticed a phantom
  2702 | D:3      | Killed a phantom
  2703 | D:3      | Reached skill level 7 in Unarmed Combat
  2703 | D:3      | Reached XP level 6. HP: 51/51 MP: 6/6
  2741 | D:3      | Identified the ring "Nicua" {Ice rElec rN+++ Str-3 Dex+2}
  3157 | D:4      | Reached skill level 8 in Unarmed Combat
  3299 | D:4      | Reached XP level 7. HP: 45/57 MP: 7/7
  3348 | D:4      | Found a shimmering altar of Xom.
  3376 | D:4      | Found Poulaj's Armour Shoppe.
  3408 | D:4      | You fall into a shaft and drop 3 floors!
  3420 | D:7      | Slain by a wight

Illustrated notes

Levels and vault maps discovered:
D:1:      heliophobic_arrival_henge, layout_basic,
          chequers_serial_rivers_large_b, minmay_unequal
D:2:      minmay_skewed_foursquare, layout_basic, serial_rivers,
          chequers_serial_rivers_small_b, chequers_serial_rivers_small_b,
          chequers_serial_rivers_marsh, chequers_serial_rivers_micro_b,
          chequers_serial_rivers_micro_d, chequers_serial_rivers_micro_d,
          grunt_ministairs_1, minmay_misc_feat_encased, bh_walls_and_bars
D:3:      layout_loops_ring, minmay_misc_feat_enclosed
D:4:      layout_rooms, dk_xom_monty_hall, serial_shops,
          nicolae_shop_temple_entry_statues_fountains
D:7:      layout_basic, gammafunk_ghost_cemetery

Skill      XL: |  1  2  3  4  5  6 |
---------------+-------------------+-----
Unarmed Combat | 4 5 6 7 8 |  8.7
Fighting       | |  3.2
Dodging        | |  2.6

Action                     |  1- 3 |  4- 6 |  7- 9 || total
---------------------------+-------+-------+-------++-------
  Melee: Unarmed           |    87 |   177 |    11 ||   275
    Use: Scroll            |       |     1 |       ||     1
 Armour: Robe              |    39 |    49 |       ||    88
         Plate armour      |       |    72 |    15 ||    87
  Dodge: Dodged            |    41 |    94 |       ||   135
